 Dungeon Crawl Stone Soup version 0.14-a0-1546-g4b4961f (webtiles) character file.

196 Archteshnor the Gusty (level 4, -5/30 HPs)
             Began as a Human Air Elementalist on Dec 18, 2013.
             Slain by Grinder (6 damage)
             ... on Level 4 of the Dungeon.
             The game lasted 00:15:44 (2549 turns).

Archteshnor the Gusty (Human Air Elementalist)      Turns: 2549, Time: 00:15:44

HP  -5/30        AC  3     Str 13      XL: 4   Next: 60%
MP   3/8         EV 12     Int 17      God:
Gold 119         SH  0     Dex 13      Spells:  4 memorised,  0 levels left

rFire  . . .     SeeInvis .     n - -1,-2 orc dagger (curse)
rCold  . . .     Clarity  .     a - +0 robe
rNeg   . . .     Conserve .     (no shield)
rPois  .         rCorr    .     (no helmet)
rElec  .         rRot     .     (no cloak)
SustAb . .       Spirit   .     s - +0 pair of gloves
rMut   .         Warding  .     (no boots)
Saprov . . .     Stasis   .     (no amulet)
                                (no ring)
                                (no ring)

@: mighty, slightly resistant to hostile enchantments, fairly stealthy
A: no striking features
a: no special abilities


You were on level 4 of the Dungeon.
You were hungry.

You visited 1 branch of the dungeon, and saw 4 of its levels.

You collected 119 gold pieces.

Inventory:

Hand weapons
 d - a +0,+2 short sword
 n - a cursed -1,-2 orcish dagger (weapon)
Missiles
 f - 31 stones
 l - 7 exploding darts (quivered)
Armour
 a - a +0 robe (worn)
 m - a +2 shield
 s - a +0 pair of gloves (worn)
Comestibles
 c - 4 bread rations
 g - a meat ration
 h - a choko
 k - a pear
Scrolls
 e - a scroll of magic mapping
Potions
 i - a potion of restore abilities {unknown}
 j - a potion of curing {unknown}
 o - a potion of might
Books
 b - a book of Air

   Spells                             Type                      Level
   *Shock                             Conjuration/Air              1
   *Swiftness                         Charms/Air                   2
   *Repel Missiles                    Charms/Air                   2
   *Flight                            Charms/Air                   3
   Static Discharge                   Conjuration/Air              3
   Lightning Bolt                     Conjuration/Air              5


   Skills:
 - Level 2.0 Dodging
 - Level 2.0 Stealth
 + Level 2.5 Spellcasting
 * Level 2.6 Conjurations
 + Level 3.8 Air Magic


You couldn't memorise any spells.
You knew the following spells:

 Your Spells              Type           Power        Failure   Level  Hunger
a - Shock                 Conj/Air       ##..         6%          1    #......
b - Swiftness             Chrm/Air       #.......     14%         2    ##.....
c - Repel Missiles        Chrm/Air       #.........   14%         2    ##.....
d - Flight                Chrm/Air       #.........   24%         3    ###....


Dungeon Overview and Level Annotations

Branches:
Dungeon (4/16)
 Temple: D:4-7

Altars:

Annotations:
D:2 !terrence, Terence
D:4 Grinder


Message History

Grinder gestures at you.
You suddenly lose the ability to move!
Grinder hits you!
* * * LOW HITPOINT WARNING * * *
You writhe in agony.
You can move again.
Casting: Shock
Confirm with . or Enter, or press ? or * to list all spells.
Aiming: Shock
Press: ? - help, Shift-Dir - straight line, f/p - Grinder
Aim: Grinder (moderately wounded)
The zap hits Grinder.
Grinder is heavily wounded.
Grinder gestures at you. Pain shoots through your body!
* * * LOW HITPOINT WARNING * * *
Drink which item? (? for menu, Esc to quit)
You feel very mighty all of a sudden.
It was a potion of might.
Grinder hits you.
You die...

#. #...#######
#....5@...#
......####...#
#.. #...# #
###


You could see Grinder.

Vanquished Creatures
  4 adders (D:2)
  3 giant geckos
  7 hobgoblins
  A ball python (D:1)
  7 bats
  2 giant cockroaches (D:2)
  8 giant newts
  3 goblins
  6 kobolds
  4 rats
45 creatures vanquished.

Notes
Turn   | Place    | Note
--------------------------------------------------------------
     0 | D:1      | Archteshnor, the Human Air Elementalist, began the quest for the Orb.
     0 | D:1      | Reached XP level 1. HP: 13/13 MP: 3/3
   380 | D:1      | Reached XP level 2. HP: 14/19 MP: 0/4
  1140 | D:2      | Reached XP level 3. HP: 24/24 MP: 4/6
  1391 | D:2      | Noticed Terence
  1986 | D:2      | Reached XP level 4. HP: 30/30 MP: 2/8
  2264 | D:3      | Learned a level 1 spell: Shock
  2267 | D:3      | Learned a level 2 spell: Swiftness
  2270 | D:3      | Learned a level 2 spell: Repel Missiles
  2274 | D:3      | Learned a level 3 spell: Flight
  2530 | D:3      | Noticed Grinder
  2536 | D:3      | Paralysed by Grinder for 4 turns
  2546 | D:4      | Paralysed by Grinder for 2 turns
  2548 | D:4      | HP: 1/30 [Grinder/nerve-wracking pain (2)]
  2549 | D:4      | Slain by Grinder

Action                   |  1- 3 |  4- 6 || total
-------------------------+-------+-------++-------
Melee: Unarmed           |    11 |       ||    11
       Short sword       |    10 |     1 ||    11
       Dagger            |       |     1 ||     1
Throw: Dart              |     4 |       ||     4
 Cast: Shock             |    73 |    24 ||    97
  Use: Potion            |     1 |     1 ||     2
       Scroll            |       |     5 ||     5
